 Dungeon Crawl Stone Soup version 0.29.0-4-gdea44cf6ec (webtiles) character file.

Game seed: 13336562622413293106

19919 qw the Severer (level 12, 0/97 HPs)
             Began as a Demonspawn Cinder Acolyte on Sept 10, 2022.
             Was a Follower of Okawaru.
             Slain by a fire elemental (7 damage)
             ... created by the fiery vengeance of Ignis
             ... on level 3 of the Lair of Beasts.
             The game lasted 00:05:29 (16554 turns).

qw the Severer (Demonspawn Cinder Acolyte)         Turns: 16554, Time: 00:05:30

Health: 0/97       AC: 21    Str: 18    XL:     12   Next: 40%
Magic:  11/13      EV: 14    Int: 17    God:    Okawaru [*.....]
Gold:   690        SH:  0    Dex:  9    Spells: 13/13 levels left

rFire   . . .      SeeInvis .   Y - +1 broad axe
rCold   . . .      Faith    .   (no shield)
rNeg    . . .      Spirit   .   e - +2 chain mail {rF+}
rPois   .          Reflect  .   (helmet restricted)
rElec   .          Harm     .   j - +1 cloak
rCorr   .          Rampage  .   c - +1 pair of gloves
Will    +....                   a - +0 pair of boots
Stlth   ..........              (no amulet)
HPRegen 0.26/turn               b - ring of willpower
MPRegen 0.13/turn               h - +4 ring of evasion

@: about to teleport, heroic, fire susceptible
A: antennae 2, claws 2, powered by pain 1, spiny 1, weakness stinger 2
a: Renounce Religion, Heroism


You were on level 3 of the Lair of Beasts.
You worshipped Okawaru.
Okawaru was aware of your devotion.
You visited 3 branches of the dungeon, and saw 13 of its levels.
You also visited: Sewer.

You collected 886 gold pieces.
You spent 196 gold pieces at shops.


Innate Abilities, Weirdness & Mutations

You have a pair of antennae on your head.
You have very sharp fingernails.
You sometimes gain a little power by taking damage.
You are partially covered in sharp spines.
You have a tail ending in a sharp stinger.


   Skills:
 - Level 10.0(15.0) Fighting
 + Level 15.2(20.2) Axes
 - Level 4.0(9.0) Throwing
 - Level 7.4(12.4) Armour
 - Level 3.3(8.3) Dodging
 - Level 1.0 Spellcasting
 - Level 2.6 Fire Magic
 + Level 0.0 Invocations


You had 13 spell levels left.
You didn't know any spells.
Your spell library contained the following spells:

 Spells                   Type           Power      Damage    Failure   Level
 Scorch                   Fire           18%        2d6       61%         2

Inventory:

Hand Weapons
 g - a -1 hand axe of flaming
 Y - a +1 broad axe (weapon)
Armour
 a - a +0 pair of boots (worn)
 c - a +1 pair of gloves (worn)
 e - a +2 chain mail of fire resistance (worn)
 j - a +1 cloak (worn)
 m - a +0 plate armour
Jewellery
 b - a ring of willpower (left hand)
 f - a ring of resist corrosion
 h - a +4 ring of evasion (right hand)
 p - a ring of ice
Scrolls
 i - 2 scrolls of identify
 n - 5 scrolls of teleportation
Potions
 d - 3 potions of haste
 k - 5 potions of curing
 o - a potion of mutation
 q - 3 potions of heal wounds

Dungeon Overview and Level Annotations

Branches:
Dungeon (9/15)             Temple (1/1) D:4            Lair (3/5) D:9
  Swamp (0/4) Lair:2       Spider (0/4) Lair:3          Orc (0/2) D:9
  Sewer (visited)

Altars:
Ashenzari
Cheibriados
Dithmenos
Fedhas
Gozag
Hepliaklqana
Kikubaaqudgha
Makhleb
Nemelex Xobeh
Okawaru
Qazlal
Ru
Sif Muna
Trog
Uskayaw
Vehumet
Wu Jian
Xom
Yredelemnul

Shops:
D:3 *   D:4 (   D:5 :   D:8 [

Annotations:
D:8 3 runed translucent doors, qw's ghost, novice MiBe


Message History

You slash the black mamba!
You kill the black mamba!
Okawaru accepts your kill.
You can now gain great but temporary skills.
You feel very sick.
You start resting.
You feel extremely sick.
You feel very sick. x4
You feel sick. x7
A komodo dragon is nearby!
16545 ||| FLEEEEING.
You feel sick.
You are no longer poisoned.
16546 ||| FLEEEEING.
16547 ||| FLEEEEING.
16548 ||| FLEEEEING.
16549 ||| FLEEEEING. "Burn!
Burn until nothing is left!" 2 fire elementals come into view.
16550 ||| INVOKING Heroism.
You gain the combat prowess of a mighty hero.
You miss the fire elemental.
Your tail-slap misses the fire elemental.
You slash the fire elemental! You tail-slap the fire elemental.
The fire elemental is moderately damaged.
The fire elemental is struck by your spines.
The fire elemental closely misses you.
You closely miss the fire elemental. You punch the fire elemental.
The fire elemental is heavily damaged.
You hit the fire elemental. The fire elemental hits you.
The fire elemental burns you!
The fire elemental is struck by your spines.
The fire elemental barely misses you.
16554 ||| READING 6 scrolls of teleportation.
As you read the scroll of teleportation, it crumbles to dust.
You feel strangely unstable. The fire elemental hits you.
The fire elemental burns you! The fire elemental hits you.
The fire elemental burns you! The fire elemental hits you.
The fire elemental burns you!
You die...

#..# ###.##..# .##.. ........
..... ....... ....... .....
....... #.#..# .... .....
#...# #####..# #..# #
#..###.##...####### #..##
#.#P##..#..###...P##.##.##..P#
.....l.......@.....>..........
.......%.....EE...............
.....###......0...###.:.#.##.#
..... #........#####....#####
l... #..##P...##.#.#......#
... #.#.................###
... #........^.............#
##...##~P~...~.~~~....##
#.P.##~P~~~~~~PP~....##


You could see 2 fire elementals.

Vanquished Creatures
  2 hydras
  Fannar (Lair:2)
  A two-headed ogre (D:9)
  A lindwurm (Lair:3)
  A black mamba (Lair:3)
  Joseph (D:8)
  2 cane toads
  5 komodo dragons
  A hornet (D:9)
  A polar bear (Lair:2)
  A jumping spider (Lair:3)
  19 yaks
  Eustachio (D:6)
  4 fire elementals (Lair:3)
  A basilisk (Lair:3)
  5 wyverns
  A redback (Lair:3)
  2 steam dragons
  Edmund (D:5)
  Duvessa (D:6)
  An acid dragon (D:9)
  12 water moccasins
  A sky beast (D:7)
  4 ice beasts
  A black bear (D:9)
  5 orc warriors
  25 wolves (Lair:2)
  An ogre (D:5)
  A centaur (D:7)
  A phantom (D:4)
  2 kobold brigands
  9 bullfrogs
  A gnoll sergeant (D:9)
  3 scorpions
  9 wights
  Dowan (D:6)
  5 killer bees (D:9)
  A howler monkey (D:6)
  An electric eel (Lair:3)
  A hound (D:6)
  A gnoll bouda (Lair:3)
  3 jellies
  11 orc priests
  An iguana (D:5)
  16 orc wizards
  14 gnolls
  7 adders
  A white imp (D:6)
  An ufetubus (D:6)
  2 dart slugs
  31 orcs
  19 ball pythons
  A bat (D:1)
  19 endoplasms
  13 giant cockroaches
  8 goblins
  7 hobgoblins
  3 jackals (D:4)
  15 quokkas
  6 frilled lizards
  12 kobolds
  6 rats
334 creatures vanquished.

Vanquished Creatures (others)
  A bush (Lair:2)
  66 fungi
  109 plants
  4 toadstools (D:1)
180 creatures vanquished.

Grand Total: 514 creatures vanquished

Notes
Turn   | Place    | Note
-------+----------+-------------------------------------------
     0 | D:1      | qw the Demonspawn Cinder Acolyte began the quest for the
                  | Orb.
     0 | D:1      | Reached XP level 1. HP: 18/18 MP: 2/2
     0 | D:1      | 0 ||| qw: Version: 0.1-a-113-g051387a
     0 | D:1      | 0 ||| qw: Game counter: 7361
     0 | D:1      | 0 ||| qw: Always use a shield: true
     0 | D:1      | 0 ||| qw: God list: Okawaru
     0 | D:1      | 0 ||| qw: Allow faded altars: false
     0 | D:1      | 0 ||| qw: Do Orc after D:15 true
     0 | D:1      | 0 ||| qw: Do second Lair branch before Depths: true
     0 | D:1      | 0 ||| qw: Lair rune preference: random
     0 | D:1      | 0 ||| qw: Plans: Normal
     0 | D:1      | 0 ||| PLANNING D:1-11
   228 | D:1      | Reached skill level 3 in Axes
   441 | D:1      | Discovered your monstrous ancestry.
   441 | D:1      | Gained mutation: You have a small tail. [demonic ancestry]
   441 | D:1      | Reached XP level 2. HP: 24/24 MP: 3/3
   532 | D:1      | 532 ||| Stepping ~*~*~tactically~*~*~ (stealth).
   586 | D:1      | 586 ||| Stepping ~*~*~tactically~*~*~ (stealth).
   765 | D:1      | Found a faded altar of an unknown god.
  1312 | D:1      | Gained mutation: You have sharp fingernails. [demonic
                  | ancestry]
  1312 | D:1      | Reached XP level 3. HP: 27/29 MP: 4/4
  1687 | D:1      | 1687 ||| UPGRADING to +1 pair of gloves.
  1692 | D:1      | 1692 ||| UPGRADING to +0 leather armour.
  1702 | D:1      | 1702 ||| DROPPING +0 robe.
  1703 | D:1      | 1703 ||| UPGRADING to +0 cloak.
  1708 | D:1      | 1708 ||| READING scroll labelled IMEYNONOMA.
  1709 | D:1      | 1709 ||| READING scroll labelled SONIHOI FOATYM.
  1710 | D:1      | 1710 ||| READING scroll labelled HAOLASTOFES.
  1711 | D:1      | 1711 ||| READING scroll labelled UCEGRA NOJOCW.
  1853 | D:2      | Reached skill level 4 in Axes
  2116 | D:2      | 2116 ||| Stepping ~*~*~tactically~*~*~ (hiding).
  2257 | D:2      | Identified the +3 robe of Juemop {Int+5 Archmagi}
  2438 | D:2      | You fall into a shaft and drop 2 floors!
  2460 | D:4      | Found Elaul's Weapon Shoppe.
  2460 | D:4      | Noticed a phantom
  2473 | D:4      | Reached skill level 1 in Dodging
  2473 | D:4      | 2473 ||| INVOKING Fiery Armour.
  2476 | D:4      | HP: 5/29 [phantom (5)]
  2479 | D:4      | Killed a phantom
  2480 | D:4      | Gained mutation: You sometimes gain a little power by
                  | taking damage. [demonic ancestry]
  2480 | D:4      | Reached XP level 4. HP: 4/35 MP: 5/5
  2819 | D:4      | Found a staircase to the Ecumenical Temple.
  2886 | D:4      | 2886 ||| UPGRADING to +0 pair of boots.
  2891 | D:4      | 2891 ||| UPGRADING to +3 robe of Juemop {Int+5 Archmagi}.
  2901 | D:4      | 2901 ||| DROPPING +0 leather armour.
  2902 | D:4      | 2902 ||| UPGRADING to +0 chain mail.
  2912 | D:4      | 2912 ||| DROPPING +3 robe of Juemop {Int+5 Archmagi}.
  2929 | D:3      | 2929 ||| INVOKING Fiery Armour.
  2933 | D:3      | Reached XP level 5. HP: 40/41 MP: 6/6
  2936 | D:3      | Reached skill level 1 in Armour
  2937 | D:3      | Reached skill level 5 in Axes
  3009 | D:3      | 3009 ||| Stepping ~*~*~tactically~*~*~ (hiding).
  3011 | D:3      | 3011 ||| Stepping ~*~*~tactically~*~*~ (hiding).
  3058 | D:3      | 3058 ||| Stepping ~*~*~tactically~*~*~ (stealth).
  3060 | D:3      | 3060 ||| INVOKING Fiery Armour.
  3167 | D:3      | 3167 ||| Stepping ~*~*~tactically~*~*~ (stealth).
  3176 | D:3      | 3176 ||| Stepping ~*~*~tactically~*~*~ (stealth).
  3177 | D:3      | 3177 ||| Stepping ~*~*~tactically~*~*~ (stealth).
  3178 | D:3      | 3178 ||| Stepping ~*~*~tactically~*~*~ (stealth).
  3180 | D:3      | 3180 ||| Stepping ~*~*~tactically~*~*~ (stealth).
  3187 | D:3      | 3187 ||| Stepping ~*~*~tactically~*~*~ (stealth).
  3196 | D:3      | 3196 ||| Stepping ~*~*~tactically~*~*~ (stealth).
  3197 | D:3      | 3197 ||| Stepping ~*~*~tactically~*~*~ (stealth).
  3200 | D:3      | 3200 ||| Stepping ~*~*~tactically~*~*~ (stealth).
  3201 | D:3      | 3201 ||| Stepping ~*~*~tactically~*~*~ (stealth).
  3202 | D:3      | 3202 ||| Stepping ~*~*~tactically~*~*~ (stealth).
  3210 | D:3      | 3210 ||| Stepping ~*~*~tactically~*~*~ (stealth).
  3213 | D:3      | 3213 ||| Stepping ~*~*~tactically~*~*~ (stealth).
  3218 | D:3      | 3218 ||| Stepping ~*~*~tactically~*~*~ (hiding).
  3221 | D:3      | 3221 ||| Stepping ~*~*~tactically~*~*~ (stealth).
  3298 | D:3      | 3298 ||| SWAPPING to +0 war axe.
  3318 | D:3      | Reached XP level 6. HP: 47/47 MP: 7/7
  3516 | D:3      | Found Pistruve's General Store.
  3521 | D:3      | 3521 ||| BUYING scroll of identify (24 gold).
  3521 | D:3      | Bought a scroll of identify for 24 gold pieces
  3557 | D:3      | 3557 ||| UPGRADING to ring of willpower.
  3558 | D:3      | 3558 ||| UPGRADING to +4 ring of evasion.
  3559 | D:3      | 3559 ||| READING scroll labelled GECUASCHACWU.
  3664 | D:3      | 3664 ||| Stepping ~*~*~tactically~*~*~ (stealth).
  3665 | D:3      | 3665 ||| Stepping ~*~*~tactically~*~*~ (stealth).
  4353 | D:4      | 4353 ||| READING scroll labelled ENGIEG MIVEGIR.
  4354 | D:4      | 4354 ||| DRINKING 2 dark potions.
  4355 | D:4      | 4355 ||| READING 2 scrolls of identify.
  4355 | D:4      | 4355 ||| IDENTIFYING emerald potion
  4356 | D:4      | 4356 ||| DROPPING potion of attraction.
  4364 | D:5      | Entered Level 5 of the Dungeon
  4365 | D:5      | 4365 ||| PLANNING SEWER
  4399 | D:5      | Found a glowing drain.
  4426 | Sewer    | Entered a sewer
  4519 | Sewer    | 4519 ||| Stepping ~*~*~tactically~*~*~ (water).
  4528 | Sewer    | 4528 ||| Stepping ~*~*~tactically~*~*~ (water).
  4666 | Sewer    | 4666 ||| Stepping ~*~*~tactically~*~*~ (water).
  4681 | Sewer    | Reached skill level 6 in Axes
  4858 | Sewer    | 4858 ||| Stepping ~*~*~tactically~*~*~ (water).
  4874 | Sewer    | 4874 ||| Stepping ~*~*~tactically~*~*~ (stealth).
  4875 | Sewer    | 4875 ||| Stepping ~*~*~tactically~*~*~ (stealth).
  4879 | Sewer    | 4879 ||| INVOKING Fiery Armour.
  4939 | D:5      | 4939 ||| PLANNING OSSUARY
  5041 | D:5      | 5041 ||| RIP OSSUARY
  5042 | D:5      | 5042 ||| PLANNING D:1-11
  5044 | D:5      | Gained mutation: You have very sharp fingernails. [demonic
                  | ancestry]
  5044 | D:5      | Reached XP level 7. HP: 53/55 MP: 8/8
  5141 | D:5      | Found an opulent altar of Gozag.
  5186 | D:5      | 5186 ||| Stepping ~*~*~tactically~*~*~ (hiding).
  5191 | D:5      | 5191 ||| INVOKING Fiery Armour.
  5222 | D:5      | 5222 ||| FLEEEEING.
  5223 | D:5      | 5223 ||| FLEEEEING.
  5224 | D:5      | 5224 ||| FLEEEEING.
  5225 | D:5      | 5225 ||| FLEEEEING.
  5226 | D:5      | 5226 ||| FLEEEEING.
  5227 | D:5      | 5227 ||| FLEEEEING.
  5228 | D:5      | 5228 ||| FLEEEEING.
  5229 | D:5      | 5229 ||| FLEEEEING.
  5230 | D:5      | 5230 ||| FLEEEEING.
  5231 | D:5      | 5231 ||| FLEEEEING.
  5232 | D:5      | 5232 ||| FLEEEEING.
  5233 | D:5      | 5233 ||| FLEEEEING.
  5234 | D:5      | 5234 ||| FLEEEEING.
  5235 | D:5      | 5235 ||| FLEEEEING.
  5236 | D:5      | 5236 ||| FLEEEEING.
  5237 | D:5      | 5237 ||| FLEEEEING.
  5238 | D:5      | 5238 ||| FLEEEEING.
  5239 | D:5      | 5239 ||| FLEEEEING.
  5240 | D:5      | 5240 ||| FLEEEEING.
  5241 | D:5      | 5241 ||| FLEEEEING.
  5242 | D:5      | 5242 ||| FLEEEEING.
  5243 | D:5      | 5243 ||| FLEEEEING.
  5244 | D:5      | 5244 ||| FLEEEEING.
  5245 | D:5      | 5245 ||| FLEEEEING.
  5246 | D:5      | 5246 ||| FLEEEEING.
  5247 | D:5      | 5247 ||| FLEEEEING.
  5248 | D:5      | 5248 ||| FLEEEEING.
  5249 | D:5      | 5249 ||| FLEEEEING.
  5250 | D:5      | 5250 ||| FLEEEEING.
  5251 | D:5      | 5251 ||| FLEEEEING.
  5252 | D:5      | 5252 ||| FLEEEEING.
  5253 | D:5      | 5253 ||| FLEEEEING.
  5254 | D:5      | 5254 ||| FLEEEEING.
  5255 | D:5      | 5255 ||| FLEEEEING.
  5256 | D:5      | 5256 ||| FLEEEEING.
  5257 | D:5      | 5257 ||| FLEEEEING.
  5258 | D:5      | 5258 ||| FLEEEEING.
  5259 | D:5      | 5259 ||| FLEEEEING.
  5260 | D:5      | 5260 ||| FLEEEEING.
  5261 | D:5      | 5261 ||| FLEEEEING.
  5262 | D:5      | 5262 ||| FLEEEEING.
  5263 | D:5      | 5263 ||| FLEEEEING.
  5264 | D:5      | 5264 ||| FLEEEEING.
  5265 | D:5      | 5265 ||| FLEEEEING.
  5266 | D:5      | 5266 ||| FLEEEEING.
  5267 | D:5      | 5267 ||| FLEEEEING.
  5268 | D:5      | 5268 ||| FLEEEEING.
  5269 | D:5      | 5269 ||| FLEEEEING.
  5270 | D:5      | 5270 ||| FLEEEEING.
  5271 | D:5      | 5271 ||| FLEEEEING.
  5272 | D:5      | 5272 ||| FLEEEEING.
  5273 | D:5      | 5273 ||| FLEEEEING.
  5274 | D:5      | 5274 ||| FLEEEEING.
  5347 | D:5      | Noticed Edmund
  5358 | D:5      | 5358 ||| INVOKING Fiery Armour.
  5361 | D:5      | Killed Edmund
  5636 | D:5      | Found Effoegesch's Book Shop.
  5841 | D:5      | 5841 ||| INVOKING Fiery Armour.
  5842 | D:5      | HP: 4/55 [ogre/+0 giant spiked club (14)]
  5843 | D:5      | Reached skill level 7 in Axes
  5843 | D:5      | 5843 ||| READING scroll of teleportation.
  6145 | D:5      | Found an ornate altar of the Wu Jian Council.
  6330 | D:5      | Found a sparkling altar of Nemelex Xobeh.
  6343 | D:5      | Found a sacrificial altar of Ru.
  6350 | D:5      | Found a burning altar of Makhleb.
  6356 | D:5      | Found a hazy altar of Hepliaklqana.
  6400 | D:5      | 6400 ||| DROPPING ring of flight.
  6401 | D:5      | 6401 ||| READING scroll labelled HUWNUH KYKEO.
  6402 | D:5      | 6402 ||| READING 2 scrolls of identify.
  6402 | D:5      | 6402 ||| IDENTIFYING blue potion
  6436 | D:6      | Reached skill level 3 in Armour
  6545 | D:6      | 6545 ||| Stepping ~*~*~tactically~*~*~ (hiding).
  6721 | D:6      | Noticed a wyvern
  6729 | D:6      | Killed a wyvern
  6730 | D:6      | Reached XP level 8. HP: 60/61 MP: 9/9
  6945 | D:6      | Noticed Eustachio
  6958 | D:6      | Noticed Duvessa
  6959 | D:6      | 6959 ||| INVOKING Fiery Armour.
  6970 | D:6      | Killed Duvessa
  6971 | D:6      | Reached skill level 8 in Axes
  6972 | D:6      | Noticed Dowan
  6982 | D:6      | 6982 ||| Stepping ~*~*~tactically~*~*~ (hiding).
  6983 | D:6      | 6983 ||| Stepping ~*~*~tactically~*~*~ (stealth).
  6986 | D:6      | 6986 ||| Stepping ~*~*~tactically~*~*~ (hiding).
  6991 | D:6      | Killed Dowan
  7003 | D:6      | Killed Eustachio
  7194 | D:6      | 7194 ||| Stepping ~*~*~tactically~*~*~ (hiding).
  7196 | D:6      | 7196 ||| Stepping ~*~*~tactically~*~*~ (hiding).
  7200 | D:6      | 7200 ||| Stepping ~*~*~tactically~*~*~ (stealth).
  7318 | D:6      | 7318 ||| Stepping ~*~*~tactically~*~*~ (stealth).
  7321 | D:6      | 7321 ||| Stepping ~*~*~tactically~*~*~ (hiding).
  7322 | D:6      | 7322 ||| Stepping ~*~*~tactically~*~*~ (hiding).
  7448 | D:6      | 7448 ||| Stepping ~*~*~tactically~*~*~ (hiding).
  7517 | D:6      | Reached skill level 9 in Axes
  7765 | D:6      | Gained mutation: You have a pair of small antennae on your
                  | head. [demonic ancestry]
  7765 | D:6      | Reached XP level 9. HP: 69/69 MP: 10/10
  7788 | D:6      | 7788 ||| Stepping ~*~*~tactically~*~*~ (hiding).
  7791 | D:6      | 7791 ||| Stepping ~*~*~tactically~*~*~ (hiding).
  7809 | D:6      | Reached skill level 6 in Fighting
  7858 | D:6      | 7858 ||| UPGRADING to +1 cloak.
  7868 | D:6      | 7868 ||| DROPPING +0 cloak.
  7869 | D:6      | 7869 ||| READING 4 scrolls of identify.
  7869 | D:6      | 7869 ||| IDENTIFYING pink potion
  7870 | D:6      | 7870 ||| READING 3 scrolls of identify.
  7870 | D:6      | 7870 ||| IDENTIFYING bubbling silvery potion
  7871 | D:6      | 7871 ||| READING 2 scrolls of identify.
  7871 | D:6      | 7871 ||| IDENTIFYING brown potion
  7872 | D:6      | 7872 ||| DRINKING potion of experience.
  7872 | D:6      | Reached skill level 13 in Axes
  7872 | D:6      | Gained mutation: You are partially covered in sharp spines.
                  | [demonic ancestry]
  7872 | D:6      | Reached XP level 10. HP: 76/76 MP: 11/11
  7873 | D:6      | 7873 ||| DROPPING potion of invisibility.
  7874 | D:6      | 7874 ||| DROPPING potion of degeneration.
  8209 | D:7      | 8209 ||| Stepping ~*~*~tactically~*~*~ (stealth).
  8468 | D:7      | Reached skill level 1 in Throwing
  8478 | D:7      | 8478 ||| Stepping ~*~*~tactically~*~*~ (hiding).
  8479 | D:7      | 8479 ||| Stepping ~*~*~tactically~*~*~ (hiding).
  8508 | D:7      | 8508 ||| Stepping ~*~*~tactically~*~*~ (stealth).
  8802 | D:7      | 8802 ||| Stepping ~*~*~tactically~*~*~ (hiding).
  8945 | D:7      | 8945 ||| READING scroll labelled LUITAH NUTHROEDD.
  8946 | D:7      | 8946 ||| READING scroll labelled AXUZACWANK.
  8947 | D:7      | 8947 ||| READING 2 scrolls labelled NACLU XIB YMOE.
  8948 | D:7      | 8948 ||| READING scroll labelled NOCOLO DAOLLUE.
  8949 | D:7      | 8949 ||| DROPPING scroll of poison.
  8950 | D:7      | 8950 ||| READING 6 scrolls of teleportation.
  9001 | D:8      | 9001 ||| INVOKING Fiery Armour.
  9013 | D:8      | 9013 ||| FLEEEEING.
  9014 | D:8      | 9014 ||| FLEEEEING.
  9015 | D:8      | 9015 ||| FLEEEEING.
  9016 | D:8      | 9016 ||| FLEEEEING.
  9017 | D:8      | 9017 ||| FLEEEEING.
  9018 | D:8      | 9018 ||| FLEEEEING.
  9019 | D:8      | 9019 ||| FLEEEEING.
  9020 | D:8      | 9020 ||| FLEEEEING.
  9021 | D:8      | 9021 ||| FLEEEEING.
  9022 | D:8      | 9022 ||| FLEEEEING.
  9023 | D:8      | 9023 ||| FLEEEEING.
  9025 | D:8      | 9025 ||| STAIRDANCE
  9099 | D:8      | Found a runed translucent gate.
  9099 | D:8      | Found a runed translucent gate.
  9099 | D:8      | Found a runed translucent gate.
  9105 | D:8      | Noticed qw's ghost (novice MiBe)
  9135 | D:8      | Found Jupras's Antique Armour Shoppe.
  9143 | D:8      | 9143 ||| SHOPLISTING plate armour (529 gold, have 456).
  9143 | D:8      | 9143 ||| BUYING runed chain mail (172 gold).
  9143 | D:8      | Bought a runed chain mail for 172 gold pieces
  9143 | D:8      | 9143 ||| SHOPLISTING spiked plate armour (644 gold, have
                  | 284).
  9158 | D:8      | 9158 ||| FLEEEEING.
  9159 | D:8      | 9159 ||| STAIRDANCE
  9221 | D:7      | 9221 ||| UPGRADING to +2 chain mail of fire resistance.
  9231 | D:7      | 9231 ||| DROPPING +0 chain mail.
  9390 | D:8      | 9390 ||| Stepping ~*~*~tactically~*~*~ (stealth).
  9392 | D:8      | 9392 ||| Stepping ~*~*~tactically~*~*~ (stealth).
  9399 | D:8      | 9399 ||| Stepping ~*~*~tactically~*~*~ (stealth).
  9401 | D:8      | 9401 ||| Stepping ~*~*~tactically~*~*~ (stealth).
  9407 | D:8      | Reached skill level 3 in Throwing
  9473 | D:8      | Noticed Joseph
  9474 | D:8      | 9474 ||| Stepping ~*~*~tactically~*~*~ (stealth).
  9494 | D:8      | Killed Joseph
  9771 | D:8      | 9771 ||| READING scroll of brand weapon.
  9771 | D:8      | 9771 ||| BRANDING +1 war axe of freezing.
  9959 | D:8      | 9959 ||| READING scroll labelled BOV POHOAPHIESSE.
 10053 | D:9      | 10053 ||| Stepping ~*~*~tactically~*~*~ (hiding).
 10054 | D:9      | 10054 ||| Stepping ~*~*~tactically~*~*~ (hiding).
 10171 | D:9      | 10171 ||| FLEEEEING.
 10172 | D:9      | 10172 ||| FLEEEEING.
 10173 | D:9      | 10173 ||| FLEEEEING.
 10174 | D:9      | 10174 ||| FLEEEEING.
 10175 | D:9      | 10175 ||| FLEEEEING.
 10176 | D:9      | 10176 ||| FLEEEEING.
 10177 | D:9      | 10177 ||| FLEEEEING.
 10178 | D:9      | 10178 ||| FLEEEEING.
 10179 | D:9      | 10179 ||| FLEEEEING.
 10180 | D:9      | 10180 ||| FLEEEEING.
 10181 | D:9      | 10181 ||| FLEEEEING.
 10182 | D:9      | 10182 ||| FLEEEEING.
 10184 | D:9      | 10184 ||| FLEEEEING.
 10185 | D:9      | 10185 ||| FLEEEEING.
 10186 | D:9      | 10186 ||| FLEEEEING.
 10188 | D:9      | 10188 ||| FLEEEEING.
 10237 | D:9      | 10237 ||| Stepping ~*~*~tactically~*~*~ (stealth).
 10239 | D:9      | 10239 ||| Stepping ~*~*~tactically~*~*~ (stealth).
 10242 | D:9      | 10242 ||| Stepping ~*~*~tactically~*~*~ (hiding).
 10243 | D:9      | 10243 ||| Stepping ~*~*~tactically~*~*~ (hiding).
 10288 | D:9      | 10288 ||| Stepping ~*~*~tactically~*~*~ (stealth).
 10308 | D:9      | 10308 ||| FLEEEEING.
 10315 | D:9      | 10315 ||| STAIRDANCE
 10407 | D:8      | 10407 ||| DROPPING ring of magical power.
 10437 | D:9      | 10437 ||| Stepping ~*~*~tactically~*~*~ (stealth).
 10438 | D:9      | 10438 ||| Stepping ~*~*~tactically~*~*~ (stealth).
 10440 | D:9      | 10440 ||| Stepping ~*~*~tactically~*~*~ (stealth).
 10445 | D:9      | 10445 ||| Stepping ~*~*~tactically~*~*~ (stealth).
 10494 | D:9      | Found a staircase to the Orcish Mines.
 10495 | D:9      | 10495 ||| FLEEEEING.
 10569 | D:9      | Noticed a two-headed ogre
 10570 | D:9      | 10570 ||| INVOKING Fiery Armour.
 10579 | D:9      | Killed a two-headed ogre
 10580 | D:9      | Gained mutation: You have a pair of antennae on your head.
                  | [demonic ancestry]
 10580 | D:9      | Reached XP level 11. HP: 65/86 MP: 12/12
 10761 | D:9      | 10761 ||| SWAPPING to +0 broad axe.
 10762 | D:9      | 10762 ||| DROPPING +1 war axe of protection.
 10784 | D:9      | 10784 ||| Stepping ~*~*~tactically~*~*~ (hiding).
 10794 | D:9      | 10794 ||| INVOKING Fiery Armour.
 10829 | D:9      | 10829 ||| FLEEEEING.
 10830 | D:9      | 10830 ||| FLEEEEING.
 10831 | D:9      | 10831 ||| FLEEEEING.
 10832 | D:9      | 10832 ||| FLEEEEING.
 10833 | D:9      | 10833 ||| FLEEEEING.
 10836 | D:9      | 10836 ||| FLEEEEING.
 10837 | D:9      | 10837 ||| FLEEEEING.
 10838 | D:9      | 10838 ||| STAIRDANCE
 10996 | D:8      | 10996 ||| READING scroll labelled XILLIG EPOCRA.
 11102 | D:9      | 11102 ||| Stepping ~*~*~tactically~*~*~ (stealth).
 11160 | D:9      | Reached skill level 6 in Armour
 11447 | D:9      | 11447 ||| FLEEEEING.
 11448 | D:9      | 11448 ||| FLEEEEING.
 11449 | D:9      | 11449 ||| FLEEEEING.
 11450 | D:9      | 11450 ||| FLEEEEING.
 11451 | D:9      | 11451 ||| FLEEEEING.
 11452 | D:9      | 11452 ||| Stepping ~*~*~tactically~*~*~ (stealth).
 11453 | D:9      | 11453 ||| FLEEEEING.
 11454 | D:9      | 11454 ||| FLEEEEING.
 11455 | D:9      | 11455 ||| FLEEEEING.
 11456 | D:9      | 11456 ||| FLEEEEING.
 11457 | D:9      | 11457 ||| FLEEEEING.
 11458 | D:9      | 11458 ||| FLEEEEING.
 11459 | D:9      | 11459 ||| FLEEEEING.
 11460 | D:9      | 11460 ||| FLEEEEING.
 11461 | D:9      | 11461 ||| FLEEEEING.
 11462 | D:9      | 11462 ||| FLEEEEING.
 11463 | D:9      | 11463 ||| STAIRDANCE
 11676 | D:9      | Found a staircase to the Lair.
 11713 | D:9      | 11713 ||| READING scroll of enchant weapon.
 11713 | D:9      | 11713 ||| ENCHANTING +0 broad axe.
 11947 | D:9      | Reached skill level 9 in Fighting
 12055 | D:9      | 12055 ||| PLANNING LAIR
 12055 | D:9      | 12055 ||| READING scroll labelled NOMNADE MOWNUL.
 12070 | Lair:1   | Entered Level 1 of the Lair of Beasts
 12839 | Lair:1   | 12839 ||| READING 4 scrolls of identify.
 12839 | Lair:1   | 12839 ||| IDENTIFYING cyan potion
 12840 | Lair:1   | 12840 ||| READING 3 scrolls of identify.
 12840 | Lair:1   | 12840 ||| IDENTIFYING sedimented black potion
 12841 | Lair:1   | 12841 ||| DROPPING potion of ambrosia.
 12863 | Lair:2   | Reached skill level 14 in Axes
 12961 | Lair:2   | 12961 ||| INVOKING Fiery Armour.
 12967 | Lair:2   | 12967 ||| FLEEEEING.
 12969 | Lair:2   | 12969 ||| FLEEEEING.
 12970 | Lair:2   | 12970 ||| FLEEEEING.
 13125 | Lair:2   | 13125 ||| INVOKING Fiery Armour.
 13375 | Lair:2   | Found a staircase to the Swamp.
 13424 | Lair:2   | 13424 ||| Stepping ~*~*~tactically~*~*~ (stealth).
 13425 | Lair:2   | 13425 ||| Stepping ~*~*~tactically~*~*~ (stealth).
 13426 | Lair:2   | 13426 ||| Stepping ~*~*~tactically~*~*~ (stealth).
 13428 | Lair:2   | 13428 ||| Stepping ~*~*~tactically~*~*~ (stealth).
 13432 | Lair:2   | 13432 ||| Stepping ~*~*~tactically~*~*~ (stealth).
 13435 | Lair:2   | 13435 ||| Stepping ~*~*~tactically~*~*~ (stealth).
 13702 | Lair:2   | 13702 ||| Stepping ~*~*~tactically~*~*~ (stealth).
 13717 | Lair:2   | Noticed an eight-headed hydra
 13718 | Lair:2   | 13718 ||| SWAPPING to -1 hand axe of flaming.
 13723 | Lair:2   | 13723 ||| INVOKING Fiery Armour.
 13725 | Lair:2   | HP: 17/90 [seven-headed hydra (7)]
 13726 | Lair:2   | 13726 ||| READING 7 scrolls of teleportation.
 13726 | Lair:2   | Killed a seven-headed hydra
 13727 | Lair:2   | 13727 ||| SWAPPING to +1 broad axe.
 13729 | Lair:2   | 13729 ||| Stepping ~*~*~tactically~*~*~ (stealth).
 14058 | Lair:2   | 14058 ||| Stepping ~*~*~tactically~*~*~ (stealth).
 14059 | Lair:2   | 14059 ||| Stepping ~*~*~tactically~*~*~ (stealth).
 14072 | Lair:2   | Gained mutation: You have a tail ending in a sharp stinger.
                  | [demonic ancestry]
 14072 | Lair:2   | Reached XP level 12. HP: 75/97 MP: 13/13
 14377 | Lair:2   | 14377 ||| Stepping ~*~*~tactically~*~*~ (stealth).
 14380 | Lair:2   | 14380 ||| Stepping ~*~*~tactically~*~*~ (stealth).
 14381 | Lair:2   | 14381 ||| Stepping ~*~*~tactically~*~*~ (stealth).
 14547 | Lair:2   | Noticed Fannar
 14549 | Lair:2   | 14549 ||| Stepping ~*~*~tactically~*~*~ (hiding).
 14576 | Lair:2   | 14576 ||| FLEEEEING.
 14584 | Lair:2   | Killed Fannar
 14843 | Lair:2   | 14843 ||| PLANNING TEMPLE
 14843 | Lair:2   | 14843 ||| READING 2 scrolls of identify.
 14843 | Lair:2   | 14843 ||| IDENTIFYING puce potion
 14844 | Lair:2   | 14844 ||| DROPPING potion of brilliance.
 15040 | Temple   | Entered the Ecumenical Temple
 15095 | Temple   | 15095 ||| PLANNING CONVERSION TO OKAWARU
 15102 | Temple   | Fell from the grace of Ignis
 15102 | Temple   | Became a worshipper of Warmaster Okawaru
 15103 | Temple   | 15103 ||| PLANNING LAIR
 15477 | Lair:2   | 15477 ||| READING 2 scrolls of identify.
 15477 | Lair:2   | 15477 ||| IDENTIFYING sapphire potion
 15489 | Lair:3   | Found a hole to the Spider Nest.
 15504 | Lair:3   | Reached skill level 15 in Axes
 15573 | Lair:3   | 15573 ||| FLEEEEING.
 15574 | Lair:3   | 15574 ||| FLEEEEING.
 15575 | Lair:3   | 15575 ||| FLEEEEING.
 15576 | Lair:3   | 15576 ||| STAIRDANCE
 15842 | Lair:3   | Reached skill level 3 in Dodging
 16342 | Lair:3   | Noticed a four-headed hydra
 16346 | Lair:3   | 16346 ||| SWAPPING to -1 hand axe of flaming.
 16351 | Lair:3   | Killed a one-headed hydra
 16352 | Lair:3   | 16352 ||| SWAPPING to +1 broad axe.
 16523 | Lair:3   | 16523 ||| Stepping ~*~*~tactically~*~*~ (stealth).
 16524 | Lair:3   | 16524 ||| Stepping ~*~*~tactically~*~*~ (stealth).
 16525 | Lair:3   | 16525 ||| Stepping ~*~*~tactically~*~*~ (stealth).
 16532 | Lair:3   | Reached * piety under Okawaru
 16545 | Lair:3   | 16545 ||| FLEEEEING.
 16546 | Lair:3   | 16546 ||| FLEEEEING.
 16547 | Lair:3   | 16547 ||| FLEEEEING.
 16548 | Lair:3   | 16548 ||| FLEEEEING.
 16549 | Lair:3   | 16549 ||| FLEEEEING.
 16550 | Lair:3   | 16550 ||| INVOKING Heroism.
 16553 | Lair:3   | HP: 20/97 [fire elemental[the fiery vengeance of Ignis]
                  | (11)]
 16554 | Lair:3   | 16554 ||| READING 6 scrolls of teleportation.
 16554 | Lair:3   | HP: 8/97 [fire elemental[the fiery vengeance of Ignis] (9)]
 16554 | Lair:3   | Slain by a fire elemental

Levels and vault maps discovered:
D:1:      ldierk_water_garden, layout_basic,
          dreamdust_ecumenical_altar_angels_and_demons
D:2:      layout_basic, chequers_serial_rivers_small_b, palyth_stone_intersect,
          minmay_hedge_maze
D:3:      layout_loops_cross, serial_shops, nicolae_shop_hallway_plus,
          grunt_ministairs_5, chequers_mini_garden
D:4:      layout_cave_pools, minmay_temple_entry_junction, serial_shops,
          shop_coins, serial_rivers, chequers_serial_rivers_micro_b,
          chequers_serial_rivers_small_3, chequers_serial_rivers_large_a,
          chequers_serial_rivers_micro_b
D:5:      layout_loops_ring, pdpol_temple_overflow_zin_treasury_gozag_greed,
          grunt_temple_overflow_octagram, enter_ossuary_2,
          cheibrodos_sewer_entry_drain, nicolae_inconvenience_store, uniq_edmund
D:6:      minmay_flawed_box, layout_basic, minmay_microvault, uniq_eustachio,
          uniq_grinder, uniq_duvessa
D:7:      layout_layer_cave, minmay_misc_feat_pillars, minivault_23,
          hangedman_abyss_or_decor_stagger
D:8:      layout_loops_cross, biasface_ghost_orc_armoury, serial_shops, shop,
          uniq_joseph
D:9:      layout_loops_ring, due_lair_maze_entry_diamond,
          minmay_orc_entry_temple_small
Temple:   nicolae_temple_bog_church
Lair:1:   layout_regular_city
Lair:2:   layout_regular_city, swamp_mist_pool, serial_bayou_lake_a,
          lemuel_fruit_fields, uniq_fannar
Lair:3:   layout_small_grid, spider_nest_entry_a, dreamdust_gnoll_shepherd,
          lemuel_fruit_tree, serial_bayou_shore_a, uniq_amaemon

Skill      XL: |  1  2  3  4  5  6  7  8  9 10 11 12 |
---------------+-------------------------------------+-----
Axes           | 3 4 5 6 7 9 13 14 15 | 15.2
Dodging        | 1 2 3 |  3.3
Armour         | 2 3 4 5 7 |  7.4
Fighting       | 4 5 6 8 10 | 10.0
Throwing       | 3 4 |  4.0
Spellcasting   | |  1.0
Fire Magic     | |  2.6

Action                   |  1- 3 |  4- 6 |  7- 9 | 10-12 || total
-------------------------+-------+-------+-------+-------++-------
Melee: Hand axe          |   117 |    58 |       |     8 ||   183
       Tailslap          |     6 |    17 |    24 |    68 ||   115
       Punch             |       |     1 |     1 |     7 ||     9
       War axe           |       |   144 |   221 |   223 ||   588
       Broad axe         |       |       |       |   304 ||   304
Throw: Javelin           |       |       |       |    37 ||    37
       Boomerang         |       |       |       |     7 ||     7
Invok: Fiery Armour      |     1 |     3 |     4 |     6 ||    14
       Heroism           |       |       |       |     1 ||     1
  Use: Scroll            |     4 |     3 |     6 |    16 ||    29
       Potion            |       |     1 |     1 |       ||     2
Armor: Robe              |    13 |       |       |       ||    13
       Leather armour    |    19 |     2 |       |       ||    21
       Chain mail        |       |   143 |   126 |   270 ||   539
Dodge: Dodged            |    45 |   113 |   101 |   297 ||   556

Table legend:
 A = Non-vault XP
 B = Vault XP
 C = Vault XP percentage of total XP
 D = Non-vault monster count
 E = Vault monster count
 F = Vault count percentage of total count
                 A         B        C        D         E       F
            +---------+---------+-------+---------+---------+-------
      Total |   19870 |    5709 |  22.3 |     243 |      87 |  26.4
            +---------+---------+-------+---------+---------+-------
        D:1 |      43 |       0 |   0.0 |      25 |       0 |   0.0
        D:2 |      26 |       0 |   0.0 |      15 |       0 |   0.0
        D:3 |     212 |       4 |   1.9 |      23 |       2 |   8.0
        D:4 |     134 |       0 |   0.0 |      12 |       0 |   0.0
        D:5 |     307 |     166 |  35.1 |      13 |       4 |  23.5
        D:6 |    1103 |     657 |  37.3 |      18 |       9 |  33.3
        D:7 |    1843 |       0 |   0.0 |      24 |       0 |   0.0
        D:8 |    1069 |     450 |  29.6 |      19 |       1 |   5.0
        D:9 |    2765 |    2409 |  46.6 |      34 |      21 |  38.2
     Lair:1 |     846 |       0 |   0.0 |       3 |       0 |   0.0
     Lair:2 |    8871 |     876 |   9.0 |      49 |       1 |   2.0
     Lair:3 |    2651 |     853 |  24.3 |       8 |       5 |  38.5
      Sewer |       0 |     294 | 100.0 |       0 |      44 | 100.0
            +---------+---------+-------+---------+---------+-------
